[Event "VIII Lorca Open-A 2019"]
[Site "Lorca"]
[Date "2019.12.26"]
[Round "1.1"]
[White "Guerra Arrocha, Daniel"]
[Black "Grigoryan, Karen H."]
[Result "0-1"]
[ECO "B31"]
[WhiteElo "2105"]
[BlackElo "2621"]
[Annotator "RC"]
[PlyCount "23"]
[EventDate "2019.12.26"]
[EventType "swiss"]
[EventCountry "ESP"]
[SourceTitle "playchess.com"]
[Source "ChessBase"]
[SourceQuality "1"]
[TimeControl "5400+30"]

1. e4 c5 2. Nf3 Nc6 3. Bb5 g6 4. O-O Bg7 5. c3 e5 6. d3 Nge7 7. Be3 d6 8. d4 exd4 9. cxd4 a6 10. Be2 Bg4 11. dxc5 Bxf3 12. Bxf3 0-1

[Event "VIII Lorca Open-A 2019"]
[Site "Lorca"]
[Date "2019.12.26"]
[Round "1.5"]
[White "Rajarishi Karthi"]
[Black "Harutyunian, Tigran K."]
[Result "1-0"]
[ECO "D87"]
[WhiteElo "2093"]
[BlackElo "2540"]
[Annotator "RC"]
[PlyCount "33"]
[EventDate "2019.12.26"]
[EventType "swiss"]
[EventCountry "ESP"]
[SourceTitle "playchess.com"]
[Source "ChessBase"]
[SourceQuality "1"]
[TimeControl "5400+30"]

1. d4 Nf6 2. c4 g6 3. Nc3 d5 4. cxd5 Nxd5 5. e4 Nxc3 6. bxc3 Bg7 7. Bc4 c5 8. Ne2 Nc6 9. Be3 O-O 10. O-O Bg4 11. f3 Bd7 12. Rb1 Rc8 13. dxc5 Qc7 14. Qa4 a6 15. Qc2 Na5 16. Bd3 Rfd8 17. Rfd1 1-0

[Event "VIII Lorca Open-A 2019"]
[Site "Lorca"]
[Date "2019.12.27"]
[Round "2.1"]
[White "Grigoryan, Karen H."]
[Black "Alonso Garcia, Aaron"]
[Result "1-0"]
[ECO "B48"]
[WhiteElo "2621"]
[BlackElo "2258"]
[Annotator "RC"]
[PlyCount "81"]
[EventDate "2019.12.26"]
[EventType "swiss"]
[EventCountry "ESP"]
[SourceTitle "playchess.com"]
[Source "ChessBase"]
[SourceQuality "1"]
[TimeControl "5400+30"]

1. e4 c5 2. Nf3 e6 3. d4 cxd4 4. Nxd4 Nc6 5. Nc3 Qc7 6. Be3 a6 7. Qd2 Nf6 8. O-O-O Bb4 9. f3 b5 10. Nxc6 Qxc6 11. Bd4 Be7 12. g4 Bb7 13. g5 Nh5 14. Bh3 Rg8 15. Bg4 g6 16. Rhe1 Rc8 17. Kb1 Kf8 18. h4 Qc7 19. Ne2 Ng7 20. Bc3 Bc6 21. Nd4 Qb8 22. Nxc6 dxc6 23. Bf6 Ne8 24. e5 Qc7 25. f4 h5 26. Bf3 Ng7 27. Qd7 Nf5 28. Be4 Qxd7 29. Rxd7 Bxf6 30. exf6 Rh8 31. Red1 Kg8 32. Bxf5 gxf5 33. Re7 Rf8 34. Rdd7 c5 35. b3 Rh7 36. Kb2 Rh8 37. Rc7 b4 38. Ra7 a5 39. Rac7 Rh7 40. Rxc5 Rd8 41. Rxa5 1-0

[Event "VIII Lorca Open-A 2019"]
[Site "Lorca"]
[Date "2019.12.27"]
[Round "2.3"]
[White "Orantes Taboada, Francisco"]
[Black "Lopez Martinez, Josep Manuel"]
[Result "1/2-1/2"]
[ECO "D02"]
[WhiteElo "2242"]
[BlackElo "2561"]
[Annotator "ChessBase"]
[PlyCount "62"]
[EventDate "2019.12.26"]
[EventType "swiss"]
[EventCountry "ESP"]
[SourceTitle "playchess.com"]
[Source "ChessBase"]
[SourceQuality "1"]
[TimeControl "5400+30"]

1. Nf3 d5 2. g3 Nc6 3. d4 Bf5 4. Bg2 Qd7 5. O-O f6 6. c4 e6 7. Nc3 dxc4 8. e4 Bg4 9. d5 Bxf3 10. Bxf3 Ne5 11. Be2 exd5 12. f4 Nd3 13. Bg4 Bc5+ 14. Kg2 Qd6 15. exd5 Bb4 16. Qa4+ Kf8 17. Qb5 Qc5 18. Qxb7 Re8 19. Be6 Ne7 20. Ne4 Qd4 21. Ng5 h6 22. Nf7 Qe4+ 23. Kh3 Qe2 24. Bd2 Bxd2 25. Nxh8 Be1 26. Raxe1 Nxe1 27. Ng6+ Nxg6 28. Qb4+ Re7 29. Qb8+ Re8 30. Qb4+ Re7 31. Qb8+ Re8 1/2-1/2

[Event "VIII Lorca Open-A 2019"]
[Site "Lorca"]
[Date "2019.12.27"]
[Round "2.4"]
[White "Sivuk, Vitaly"]
[Black "Medarde Santiago, Luis Marcos"]
[Result "1-0"]
[ECO "E21"]
[WhiteElo "2588"]
[BlackElo "2254"]
[Annotator "ChessBase"]
[PlyCount "65"]
[EventDate "2019.12.26"]
[EventType "swiss"]
[EventCountry "ESP"]
[SourceTitle "playchess.com"]
[Source "ChessBase"]
[SourceQuality "1"]
[TimeControl "5400+30"]

1. d4 Nf6 2. c4 e6 3. Nc3 Bb4 4. Nf3 O-O 5. Bg5 c5 6. Rc1 h6 7. Bh4 cxd4 8. Nxd4 d5 9. cxd5 g5 10. Bg3 Qxd5 11. e3 Qxa2 12. Bd3 Qxb2 13. O-O Bxc3 14. Rc2 Qb4 15. Nb5 Rd8 16. Bh7+ Kxh7 17. Qxd8 Nc6 18. Qd3+ Qe4 19. Qxc3 Nd5 20. Qb2 f5 21. Nc7 Nxc7 22. Bxc7 Qb4 23. Qa1 Qe7 24. Be5 Bd7 25. Bf6 Qf7 26. Qb2 Kg6 27. Bh8 Kh7 28. Bc3 b5 29. Qxb5 f4 30. Rd2 Be8 31. exf4 gxf4 32. Re1 Qg6 33. Qb7+ 1-0

[Event "VIII Lorca Open-A 2019"]
[Site "Lorca"]
[Date "2019.12.27"]
[Round "2.5"]
[White "Tudela Corbalan, Carlos"]
[Black "Krysa, Leandro"]
[Result "0-1"]
[ECO "A20"]
[WhiteElo "2238"]
[BlackElo "2527"]
[Annotator "ChessBase"]
[PlyCount "84"]
[EventDate "2019.12.26"]
[EventType "swiss"]
[EventCountry "ESP"]
[SourceTitle "playchess.com"]
[Source "ChessBase"]
[SourceQuality "1"]
[TimeControl "5400+30"]

1. c4 e5 2. g3 c6 3. Bg2 d5 4. cxd5 cxd5 5. d4 e4 6. Nh3 Bb4+ 7. Bd2 Bxd2+ 8. Qxd2 Nf6 9. Nc3 O-O 10. Nf4 Nc6 11. h4 Re8 12. e3 Bg4 13. O-O Qd7 14. Nfxd5 Nxd5 15. Nxe4 b6 16. Rfe1 Rac8 17. Nc3 Nxc3 18. bxc3 Ne5 19. e4 Nf3+ 20. Bxf3 Bxf3 21. Qd3 Qg4 22. e5 Bd5 23. Kh2 Qf3 24. Qxf3 Bxf3 25. Re3 Bd5 26. a4 Rc4 27. a5 b5 28. a6 Ra4 29. Rb1 Rb8 30. f4 h5 31. f5 Rxa6 32. g4 hxg4 33. Kg3 Rc6 34. Kxg4 a5 35. Kf4 Rh6 36. Kg5 b4 37. cxb4 axb4 38. Rb2 b3 39. Rc3 Rc6 40. Rxc6 Bxc6 41. f6 Bd5 42. h5 Rc8 0-1

[Event "VIII Lorca Open-A 2019"]
[Site "Lorca"]
[Date "2019.12.27"]
[Round "2.6"]
[White "Bjerre, Jonas Buhl"]
[Black "Rodriguez Melendez, Juan Humbert"]
[Result "1-0"]
[ECO "B33"]
[WhiteElo "2526"]
[BlackElo "2242"]
[Annotator "ChessBase"]
[PlyCount "65"]
[EventDate "2019.12.26"]
[EventType "swiss"]
[EventCountry "ESP"]
[SourceTitle "playchess.com"]
[Source "ChessBase"]
[SourceQuality "1"]
[TimeControl "5400+30"]

1. e4 c5 2. Nf3 Nc6 3. d4 cxd4 4. Nxd4 Nf6 5. Nc3 e5 6. Ndb5 d6 7. Bg5 a6 8. Na3 b5 9. Nd5 Be7 10. Bxf6 Bxf6 11. c4 b4 12. Nc2 O-O 13. g3 Rb8 14. Qd3 Bg5 15. h4 Bh6 16. Bh3 Be6 17. Kf1 Qa5 18. Kg2 Bxd5 19. cxd5 Nd8 20. a3 bxa3 21. Rxa3 Qc7 22. b4 Rb6 23. Rha1 Qb7 24. Rxa6 Rxb4 25. Nxb4 Qxb4 26. Rb1 Qc5 27. Rbb6 f5 28. exf5 Nf7 29. f6 Kh8 30. Be6 e4 31. Qxe4 Ne5 32. Rxd6 Nc4 33. Rdc6 1-0

[Event "VIII Lorca Open-A 2019"]
[Site "Lorca"]
[Date "2019.12.27"]
[Round "2.7"]
[White "Garcia Romero, Benjamin Abel"]
[Black "Maiorov, Nikita"]
[Result "0-1"]
[ECO "C84"]
[WhiteElo "2231"]
[BlackElo "2523"]
[Annotator "ChessBase"]
[PlyCount "78"]
[EventDate "2019.12.26"]
[EventType "swiss"]
[EventCountry "ESP"]
[SourceTitle "playchess.com"]
[Source "ChessBase"]
[SourceQuality "1"]
[TimeControl "5400+30"]

1. e4 e5 2. Nf3 Nc6 3. Bb5 a6 4. Ba4 Nf6 5. O-O b5 6. Bb3 Bb7 7. d3 Be7 8. Nc3 O-O 9. Bd2 d6 10. Nd5 Nxd5 11. Bxd5 Rb8 12. b4 Qc8 13. Bg5 Bxg5 14. Nxg5 h6 15. Nxf7 Rxf7 16. Qh5 Nd8 17. Bxf7+ Nxf7 18. f4 Qe6 19. f5 Qf6 20. Rae1 d5 21. exd5 Bxd5 22. Re3 Nd6 23. Qg6 Bf7 24. Qxf6 gxf6 25. g4 Rc8 26. Rd1 Kh7 27. h3 h5 28. Kf2 c5 29. c3 cxb4 30. cxb4 Kh6 31. Ree1 Rc3 32. Re3 Ra3 33. Re2 Kg5 34. Kg3 h4+ 35. Kf2 Kf4 36. Rdd2 Bd5 37. Re1 e4 38. Re3 Rc3 39. Ke2 Nc4 0-1

[Event "VIII Lorca Open-A 2019"]
[Site "Lorca"]
[Date "2019.12.27"]
[Round "2.8"]
[White "Sosa, Tomas"]
[Black "Rohit S"]
[Result "1-0"]
[ECO "B52"]
[WhiteElo "2520"]
[BlackElo "2234"]
[Annotator "ChessBase"]
[PlyCount "81"]
[EventDate "2019.12.26"]
[EventType "swiss"]
[EventCountry "ESP"]
[SourceTitle "playchess.com"]
[Source "ChessBase"]
[SourceQuality "1"]
[TimeControl "5400+30"]

1. e4 c5 2. Nf3 d6 3. Bb5+ Bd7 4. c4 g6 5. Nc3 Bg7 6. O-O Nf6 7. h3 O-O 8. d4 cxd4 9. Nxd4 a6 10. Bxd7 Qxd7 11. Be3 Nc6 12. Rc1 Rfc8 13. Nde2 b5 14. Nd5 Nxd5 15. cxd5 Na5 16. b3 Rxc1 17. Qxc1 Rc8 18. Qa3 Nb7 19. Qxa6 Nc5 20. Bxc5 Rxc5 21. Rc1 Qc7 22. Rxc5 Qxc5 23. Qa8+ Bf8 24. Qa5 Qc2 25. Qxb5 Qb1+ 26. Kh2 Qf1 27. Kg3 h5 28. Qd3 h4+ 29. Kf3 g5 30. Qc2 Bh6 31. Nd4 g4+ 32. hxg4 h3 33. gxh3 Qxh3+ 34. Ke2 Qxg4+ 35. Nf3 Qd7 36. Qc6 Qg4 37. Qc2 Qd7 38. a4 Qa7 39. b4 Qa6+ 40. b5 Qa5 41. Qb3 1-0

[Event "VIII Lorca Open-A 2019"]
[Site "Lorca"]
[Date "2019.12.27"]
[Round "3.1"]
[White "Plazuelo Pascual, Juan"]
[Black "Grigoryan, Karen H."]
[Result "0-1"]
[ECO "B06"]
[WhiteElo "2433"]
[BlackElo "2621"]
[Annotator "ChessBase"]
[PlyCount "50"]
[EventDate "2019.12.26"]
[EventType "swiss"]
[EventCountry "ESP"]
[SourceTitle "playchess.com"]
[Source "ChessBase"]
[SourceQuality "1"]
[TimeControl "5400+30"]

1. d4 g6 2. e4 Bg7 3. Nc3 d6 4. Bg5 Nd7 5. Qd2 a6 6. a4 c5 7. Nf3 cxd4 8. Nxd4 Ngf6 9. Bc4 h6 10. Bh4 Qb6 11. O-O-O Qc5 12. Bb3 b5 13. Bd5 Rb8 14. Nc6 b4 15. Ne2 Rb6 16. Ned4 b3 17. a5 Rb7 18. Kb1 bxc2+ 19. Qxc2 Qxc2+ 20. Kxc2 Rc7 21. Bxf6 Bxf6 22. Kb1 e6 23. Bb3 e5 24. Nf5 gxf5 25. Rxd6 Be7 0-1

[Event "VIII Lorca Open-A 2019"]
[Site "Lorca"]
[Date "2019.12.27"]
[Round "3.2"]
[White "Bernadskiy, Vitaliy"]
[Black "Budnikov, Oleg"]
[Result "1-0"]
[ECO "B52"]
[WhiteElo "2593"]
[BlackElo "2429"]
[Annotator "ChessBase"]
[PlyCount "123"]
[EventDate "2019.12.26"]
[EventType "swiss"]
[EventCountry "ESP"]
[SourceTitle "playchess.com"]
[Source "ChessBase"]
[SourceQuality "1"]
[TimeControl "5400+30"]

1. e4 c5 2. Nf3 d6 3. Bb5+ Bd7 4. Bxd7+ Qxd7 5. O-O Nf6 6. Qe2 Nc6 7. Rd1 e6 8. d4 cxd4 9. Nxd4 Be7 10. c4 Nxd4 11. Rxd4 Qc6 12. Nc3 O-O 13. Bg5 Rfc8 14. Rad1 Qc5 15. Bxf6 Bxf6 16. Rxd6 h6 17. g3 Bxc3 18. bxc3 Rc7 19. R6d4 Rac8 20. e5 Qa5 21. Rd8+ Rxd8 22. Rxd8+ Kh7 23. Qd3+ g6 24. Qd6 Qc5 25. Rb8 h5 26. Qxc5 Rxc5 27. Rxb7 Kg7 28. Rxa7 Rxc4 29. Ra3 g5 30. f3 Rc5 31. Kf2 Rxe5 32. c4 Kf6 33. Ra4 g4 34. f4 Re4 35. Rb4 e5 36. fxe5+ Rxe5 37. Rb2 Re6 38. c5 Kf5 39. Rc2 Rc6 40. Ke3 Ke5 41. Kd3 Kd5 42. Rf2 Ra6 43. Kc3 Ra3+ 44. Kb4 Rf3 45. Rd2+ Kc6 46. Rd6+ Kc7 47. Rh6 Rf2 48. Rxh5 Rxa2 49. Rf5 Kc6 50. Rxf7 Rxh2 51. Rf6+ Kd5 52. Rd6+ Ke4 53. c6 Rc2 54. Kb5 Rc3 55. Rf6 Kd5 56. Rg6 Rxg3 57. c7 Rc3 58. Kb6 g3 59. Rxg3 Rxg3 60. c8=Q Rg6+ 61. Kb5 Rd6 62. Qf5+ 1-0

[Event "VIII Lorca Open-A 2019"]
[Site "Lorca"]
[Date "2019.12.27"]
[Round "3.3"]
[White "Pogorelov, Ruslan"]
[Black "Sivuk, Vitaly"]
[Result "1/2-1/2"]
[ECO "D37"]
[WhiteElo "2377"]
[BlackElo "2588"]
[Annotator "ChessBase"]
[PlyCount "99"]
[EventDate "2019.12.26"]
[EventType "swiss"]
[EventCountry "ESP"]
[SourceTitle "playchess.com"]
[Source "ChessBase"]
[SourceQuality "1"]
[TimeControl "5400+30"]

1. Nf3 d5 2. d4 Nf6 3. c4 e6 4. Nc3 a6 5. cxd5 exd5 6. Bg5 Be6 7. e3 Nbd7 8. Bd3 Bd6 9. Qc2 c6 10. Bh4 Qc7 11. Bg3 O-O 12. O-O Rfe8 13. b4 Bxg3 14. hxg3 Qd6 15. Rab1 h6 16. a4 Rac8 17. Rfc1 Ng4 18. Ne2 Ndf6 19. Nf4 Bd7 20. Bf5 Ne4 21. Bxd7 Qxd7 22. Nd3 Qf5 23. Nh2 Nxh2 24. Kxh2 h5 25. Qe2 Re6 26. Nc5 Nxf2 27. Nxe6 Ng4+ 28. Kg1 Qxe6 29. Rb3 Re8 30. Rcc3 Nf6 31. Rc2 Qd6 32. Qf3 Re4 33. b5 axb5 34. axb5 Rg4 35. bxc6 bxc6 36. Rb6 Rxg3 37. Qf5 Rxe3 38. Rbxc6 Qg3 39. Rc8+ Ne8 40. Rc1 Re2 41. Qf3 Qxf3 42. gxf3 Kh7 43. Kf1 Re6 44. Re1 Nd6 45. Rxe6 fxe6 46. Rc6 Nf5 47. Rxe6 Nxd4 48. Re5 Nxf3 49. Rxh5+ Kg6 50. Rxd5 1/2-1/2

[Event "VIII Lorca Open-A 2019"]
[Site "Lorca"]
[Date "2019.12.27"]
[Round "3.4"]
[White "Krysa, Leandro"]
[Black "Mingarro Carceller, Sergi"]
[Result "1-0"]
[ECO "A13"]
[WhiteElo "2527"]
[BlackElo "2359"]
[Annotator "ChessBase"]
[PlyCount "83"]
[EventDate "2019.12.26"]
[EventType "swiss"]
[EventCountry "ESP"]
[SourceTitle "playchess.com"]
[Source "ChessBase"]
[SourceQuality "1"]
[TimeControl "5400+30"]

1. c4 e6 2. Nc3 d5 3. e3 Nf6 4. Nf3 Be7 5. b3 O-O 6. Bb2 c5 7. cxd5 exd5 8. d4 Nc6 9. Be2 Ne4 10. dxc5 Qa5 11. Rc1 Bf6 12. Nd4 Nxc5 13. Nxc6 bxc6 14. O-O Ne6 15. Qe1 Qd8 16. Na4 Bd7 17. Bxf6 Qxf6 18. Bg4 Qe7 19. Bf5 c5 20. Qa5 Bxa4 21. Qxa4 g6 22. Bg4 Rfd8 23. Rc2 Rac8 24. Rfc1 Rc7 25. Qa5 Rdc8 26. h3 Kg7 27. b4 cxb4 28. Rxc7 Rxc7 29. Rxc7 Nxc7 30. Qxa7 Qd6 31. Qd4+ Kg8 32. Bf3 h5 33. g3 Kf8 34. e4 Nb5 35. Qh8+ Ke7 36. exd5 Qf6 37. Qb8 Nd4 38. Qxb4+ Ke8 39. Bd1 h4 40. Ba4+ Kd8 41. d6 Ne2+ 42. Kg2 1-0

[Event "VIII Lorca Open-A 2019"]
[Site "Lorca"]
[Date "2019.12.27"]
[Round "3.5"]
[White "Manu David Suthandram R"]
[Black "Bjerre, Jonas Buhl"]
[Result "0-1"]
[ECO "A01"]
[WhiteElo "2369"]
[BlackElo "2526"]
[Annotator "ChessBase"]
[PlyCount "62"]
[EventDate "2019.12.26"]
[EventType "swiss"]
[EventCountry "ESP"]
[SourceTitle "playchess.com"]
[Source "ChessBase"]
[SourceQuality "1"]
[TimeControl "5400+30"]

1. b3 e5 2. Bb2 Nc6 3. e3 Nf6 4. Bb5 Bd6 5. Na3 Be7 6. d4 e4 7. Ne2 d5 8. h3 O-O 9. Nf4 Bd6 10. c3 Ne7 11. Nc2 Nf5 12. g3 Qe7 13. Ng2 c6 14. Be2 Qc7 15. Kd2 c5 16. dxc5 Bxc5 17. Rc1 Bd7 18. a3 Qb6 19. Nd4 Rfc8 20. Nxf5 Bxf5 21. Ke1 Bd6 22. Nf4 Be5 23. Nxd5 Nxd5 24. Qxd5 Rc5 25. Qd1 Rd8 26. Qc2 Rcd5 27. Bc4 R5d7 28. g4 Be6 29. Qxe4 Bxc4 30. Qxc4 Rd2 31. Qe4 Qa6 0-1

[Event "VIII Lorca Open-A 2019"]
[Site "Lorca"]
[Date "2019.12.27"]
[Round "3.6"]
[White "Maiorov, Nikita"]
[Black "Fernandez Diaz, Cristian"]
[Result "1-0"]
[ECO "E46"]
[WhiteElo "2523"]
[BlackElo "2354"]
[Annotator "ChessBase"]
[PlyCount "67"]
[EventDate "2019.12.26"]
[EventType "swiss"]
[EventCountry "ESP"]
[SourceTitle "playchess.com"]
[Source "ChessBase"]
[SourceQuality "1"]
[TimeControl "5400+30"]

1. d4 Nf6 2. c4 e6 3. Nc3 Bb4 4. e3 O-O 5. Nge2 c6 6. a3 Ba5 7. b4 Bc7 8. Ng3 d5 9. cxd5 exd5 10. Bd3 Re8 11. O-O Nbd7 12. Rb1 Nf8 13. b5 Ne6 14. Qc2 c5 15. dxc5 Nxc5 16. Nce2 Nxd3 17. Qxd3 Be6 18. Bb2 Ne4 19. Rbc1 Bd6 20. Qd4 Bf8 21. Nf4 Nxg3 22. hxg3 Qd7 23. a4 a6 24. b6 Rac8 25. Rfd1 a5 26. Rxc8 Rxc8 27. Nxd5 Bxd5 28. Qxd5 Qxa4 29. Ra1 Qc2 30. Rc1 Qxb2 31. Rxc8 Qxb6 32. Ra8 Qb1+ 33. Kh2 b6 34. Rxf8+ 1-0

[Event "VIII Lorca Open-A 2019"]
[Site "Lorca"]
[Date "2019.12.27"]
[Round "3.7"]
[White "Malovanyi, Yulian"]
[Black "Sosa, Tomas"]
[Result "0-1"]
[ECO "B35"]
[WhiteElo "2360"]
[BlackElo "2520"]
[Annotator "ChessBase"]
[PlyCount "92"]
[EventDate "2019.12.26"]
[EventType "swiss"]
[EventCountry "ESP"]
[SourceTitle "playchess.com"]
[Source "ChessBase"]
[SourceQuality "1"]
[TimeControl "5400+30"]

1. e4 c5 2. Nc3 Nc6 3. Nge2 g6 4. d4 cxd4 5. Nxd4 Bg7 6. Be3 Nf6 7. Bc4 O-O 8. Bb3 Re8 9. h3 d6 10. O-O Na5 11. Bg5 Bd7 12. Re1 Rc8 13. Nd5 Nxd5 14. exd5 Nc4 15. Rb1 Qa5 16. c3 f6 17. Qe2 Qxd5 18. Be3 a5 19. Rbd1 a4 20. Nf5 Qf7 21. Nxg7 Kxg7 22. Bxc4 Rxc4 23. a3 Bc6 24. Rd4 Rxd4 25. Bxd4 e5 26. Be3 f5 27. f3 f4 28. Bf2 g5 29. Qd2 Re6 30. c4 h5 31. Qc3 Qf5 32. c5 d5 33. Qa5 Re8 34. Qc7+ Qd7 35. Qd6 Qxd6 36. cxd6 d4 37. Re2 Kf6 38. Be1 Ke6 39. Bb4 Rg8 40. Kf2 g4 41. hxg4 hxg4 42. Rd2 gxf3 43. gxf3 Rg3 44. Rd3 b6 45. Bd2 Bb5 46. d7 Rg8 0-1

[Event "VIII Lorca Open-A 2019"]
[Site "Lorca"]
[Date "2019.12.27"]
[Round "3.8"]
[White "Narciso Dublan, Marc"]
[Black "Barbero Sendic, Alejandro"]
[Result "1-0"]
[ECO "D26"]
[WhiteElo "2516"]
[BlackElo "2336"]
[Annotator "ChessBase"]
[PlyCount "55"]
[EventDate "2019.12.26"]
[EventType "swiss"]
[EventCountry "ESP"]
[SourceTitle "playchess.com"]
[Source "ChessBase"]
[SourceQuality "1"]
[TimeControl "5400+30"]

1. d4 d5 2. Nf3 Nf6 3. c4 dxc4 4. e3 e6 5. Bxc4 a6 6. O-O b5 7. Be2 Bb7 8. a4 b4 9. Nbd2 Nbd7 10. Nb3 c5 11. Bd2 cxd4 12. Nfxd4 Bd6 13. Be1 Bd5 14. Rc1 O-O 15. f3 Qb8 16. g3 Rc8 17. e4 Bxb3 18. Rxc8+ Qxc8 19. Nxb3 Bf8 20. a5 Nc5 21. Nd2 Nb7 22. Qa4 Qc1 23. Nc4 Nc5 24. Qxb4 Ncxe4 25. Qb7 Rd8 26. fxe4 Qc2 27. Nd2 Bc5+ 28. Kh1 1-0

[Event "VIII Lorca Open-A 2019"]
[Site "Lorca"]
[Date "2019.12.28"]
[Round "4.1"]
[White "Grigoryan, Karen H."]
[Black "Narciso Dublan, Marc"]
[Result "1/2-1/2"]
[ECO "B12"]
[WhiteElo "2621"]
[BlackElo "2516"]
[Annotator "RC"]
[PlyCount "57"]
[EventDate "2019.12.26"]
[EventType "swiss"]
[EventCountry "ESP"]
[SourceTitle "playchess.com"]
[Source "ChessBase"]
[SourceQuality "1"]
[TimeControl "5400+30"]

1. e4 c6 2. d4 d5 3. e5 Bf5 4. h4 h5 5. c4 e6 6. Nc3 Nd7 7. Nf3 Ne7 8. Bg5 f6 9. Be3 Bg4 10. Qc2 Qc7 11. cxd5 cxd5 12. Qa4 Nc6 13. Bd3 Kf7 14. Qc2 Bxf3 15. Bg6+ Kg8 16. exf6 Nxf6 17. gxf3 Bb4 18. a3 Bxc3+ 19. Qxc3 Qd7 20. Rc1 Rf8 21. Rg1 Ne8 22. Rg5 Nd6 23. Ke2 Ne7 24. Bxh5 Rc8 25. Qd3 Rxc1 26. Bxc1 Nef5 27. Be3 Nf7 28. Bxf7+ Qxf7 29. h5 1/2-1/2

[Event "VIII Lorca Open-A 2019"]
[Site "Lorca"]
[Date "2019.12.28"]
[Round "4.3"]
[White "Marin, Mihail"]
[Black "Krysa, Leandro"]
[Result "1/2-1/2"]
[ECO "A03"]
[WhiteElo "2496"]
[BlackElo "2527"]
[Annotator "ChessBase"]
[PlyCount "76"]
[EventDate "2019.12.26"]
[EventType "swiss"]
[EventCountry "ESP"]
[SourceTitle "playchess.com"]
[Source "ChessBase"]
[SourceQuality "1"]
[TimeControl "5400+30"]

1. f4 d5 2. Nf3 Nf6 3. g3 g6 4. Bg2 Bg7 5. O-O O-O 6. d3 c5 7. Qe1 d4 8. Na3 Nc6 9. c4 Re8 10. Rb1 Nb4 11. Bd2 a5 12. Ra1 e5 13. fxe5 Ng4 14. h3 Nxe5 15. Nxe5 Rxe5 16. Qd1 Qe7 17. Rf2 Bd7 18. Bf4 Re8 19. Bxe5 Bxe5 20. g4 Bg3 21. Rf3 Bb8 22. Nc2 Nxc2 23. Qxc2 Bc6 24. Raf1 Qe5 25. R1f2 Qh2+ 26. Kf1 Bxf3 27. Rxf3 Bf4 28. Qa4 Rf8 29. Qxa5 Be3 30. Rf2 Bxf2 31. Kxf2 f5 32. g5 Qf4+ 33. Bf3 Qxg5 34. Qxc5 Qe3+ 35. Kg2 Qg5+ 36. Kf2 Qe3+ 37. Kg2 Qg5+ 38. Kf2 Qe3+ 1/2-1/2

[Event "VIII Lorca Open-A 2019"]
[Site "Lorca"]
[Date "2019.12.28"]
[Round "4.4"]
[White "Bjerre, Jonas Buhl"]
[Black "Real De Azua, Ernesto"]
[Result "1/2-1/2"]
[ECO "B12"]
[WhiteElo "2526"]
[BlackElo "2450"]
[Annotator "ChessBase"]
[PlyCount "45"]
[EventDate "2019.12.26"]
[EventType "swiss"]
[EventCountry "ESP"]
[SourceTitle "playchess.com"]
[Source "ChessBase"]
[SourceQuality "1"]
[TimeControl "5400+30"]

1. e4 c6 2. d4 d5 3. e5 Bf5 4. Nd2 e6 5. Nb3 Nd7 6. Nf3 a6 7. Be3 Rc8 8. Be2 c5 9. c3 c4 10. Nbd2 h6 11. O-O Bh7 12. Ne1 Ne7 13. f4 b5 14. a3 Nb6 15. g4 h5 16. h3 hxg4 17. hxg4 Be4 18. Bf3 Bxf3 19. Ndxf3 f5 20. exf6 gxf6 21. Ng2 Kd7 22. Qe2 Qe8 23. Bf2 1/2-1/2

[Event "VIII Lorca Open-A 2019"]
[Site "Lorca"]
[Date "2019.12.28"]
[Round "4.5"]
[White "Peng, Li Min"]
[Black "Maiorov, Nikita"]
[Result "1/2-1/2"]
[ECO "A14"]
[WhiteElo "2451"]
[BlackElo "2523"]
[Annotator "RC"]
[PlyCount "30"]
[EventDate "2019.12.26"]
[EventType "swiss"]
[EventCountry "ESP"]
[SourceTitle "playchess.com"]
[Source "ChessBase"]
[SourceQuality "1"]
[TimeControl "5400+30"]

1. Nf3 Nf6 2. c4 e6 3. g3 d5 4. Bg2 Be7 5. O-O O-O 6. b3 b6 7. e3 Bb7 8. Nc3 c5 9. Bb2 dxc4 10. bxc4 Nc6 11. Qe2 a6 12. d4 cxd4 13. exd4 Na5 14. Nd1 b5 15. c5 Nc4 1/2-1/2

[Event "VIII Lorca Open-A 2019"]
[Site "Lorca"]
[Date "2019.12.28"]
[Round "4.6"]
[White "Raja Harshit"]
[Black "Lopez Martinez, Josep Manuel"]
[Result "*"]
[ECO "B11"]
[WhiteElo "2447"]
[BlackElo "2561"]
[Annotator "ChessBase"]
[PlyCount "36"]
[EventDate "2019.12.26"]
[EventType "swiss"]
[EventCountry "ESP"]
[SourceTitle "playchess.com"]
[Source "ChessBase"]
[SourceQuality "1"]
[TimeControl "5400+30"]

1. e4 c6 2. Nc3 d5 3. Nf3 Bg4 4. h3 Bxf3 5. Qxf3 e6 6. Be2 Nf6 7. O-O Bb4 8. e5 Ng8 9. Qg4 Bf8 10. d4 Nd7 11. Bd3 g6 12. Ne2 Qb6 13. c4 dxc4 14. Bxc4 Ne7 15. a4 a5 16. Ra3 Nf5 17. Rf3 Qb4 18. b3 Nb8 *

[Event "VIII Lorca Open-A 2019"]
[Site "Lorca"]
[Date "2019.12.28"]
[Round "4.6"]
[White "Raja Harshit"]
[Black "Lopez Martinez, Josep Manuel"]
[Result "0-1"]
[ECO "B11"]
[WhiteElo "2447"]
[BlackElo "2561"]
[Annotator "RC"]
[PlyCount "80"]
[EventDate "2019.12.26"]
[EventType "swiss"]
[EventCountry "ESP"]
[SourceTitle "playchess.com"]
[Source "ChessBase"]
[SourceQuality "1"]
[TimeControl "5400+30"]

1. e4 c6 2. Nc3 d5 3. Nf3 Bg4 4. h3 Bxf3 5. Qxf3 e6 6. Be2 Nf6 7. O-O Bb4 8. e5 Ng8 9. Qg4 Bf8 10. d4 Nd7 11. Bd3 g6 12. Ne2 Qb6 13. c4 dxc4 14. Bxc4 Ne7 15. a4 a5 16. Ra3 Nf5 17. Rf3 Qb4 18. b3 Nb6 19. Bg5 Nxc4 20. bxc4 Qxc4 21. Nc3 h6 22. Bf6 h5 23. Qe4 Bg7 24. Bxg7 Nxg7 25. Qb1 Nf5 26. Ne4 O-O 27. Nf6+ Kg7 28. Nd7 Nxd4 29. Re3 Rfd8 30. Nb6 Qb4 31. Nxa8 Rxa8 32. Rc1 Rd8 33. Qa2 Rd5 34. Re4 Qb3 35. Qxb3 Nxb3 36. Rce1 Nc5 37. Rc4 b5 38. Rc2 b4 39. Rec1 Nxa4 40. Rxc6 Nc3 0-1

[Event "VIII Lorca Open-A 2019"]
[Site "Lorca"]
[Date "2019.12.28"]
[Round "5.1"]
[White "Bernadskiy, Vitaliy"]
[Black "Grigoryan, Karen H."]
[Result "1/2-1/2"]
[ECO "B48"]
[WhiteElo "2593"]
[BlackElo "2621"]
[Annotator "ChessBase"]
[PlyCount "34"]
[EventDate "2019.12.26"]
[EventType "swiss"]
[EventCountry "ESP"]
[SourceTitle "playchess.com"]
[Source "ChessBase"]
[SourceQuality "1"]
[TimeControl "5400+30"]

1. e4 c5 2. Nf3 e6 3. d4 cxd4 4. Nxd4 Nc6 5. Nc3 Qc7 6. Be3 a6 7. Qd2 Nf6 8. f4 Bb4 9. Bd3 Na5 10. a3 Bxc3 11. Qxc3 Qxc3+ 12. bxc3 d5 13. exd5 exd5 14. Nb3 Nc4 15. Bd4 Ne4 16. Bxe4 dxe4 17. Nd2 Nxd2 1/2-1/2